[Event "Early-Titled-Tuesday-Blitz-February-13-2024"]
[Site "Chess.com"]
[Date "2024.02.13"]
[Round "8"]
[White "FMCarmona"]
[Black "maurovargas01"]
[Result "1-0"]
[WhiteElo "2266"]
[BlackElo "1887"]
[TimeControl "180+1"]
[EndTime "9:32:00 PST"]
[Termination "FMCarmona won on time"]

1. e4 c5 2. Nf3 Nc6 3. Bb5 Nd4 4. Nxd4 cxd4 5. c4 Qa5 6. O-O a6 7. Ba4 b5 8. cxb5 axb5 9. Bb3 d6 10. d3 e5 11. f4 Nf6 12. fxe5 dxe5 13. Nd2 Bd6 14. Nf3 O-O 15. Bg5 Ng4 16. Qe2 Kh8 17. h3 Ne3 18. Bxe3 dxe3 19. Qxe3 b4 20. Kh1 Bc5 21. Qg5 f6 22. Qd2 Qb6 23. Nh4 Be3 24. Qe2 g6 25. Nf3 Ba6 26. Nd2 Rad8 27. Nc4 Bxc4 28. Bxc4 Bd4 29. Rab1 Qc7 30. a4 bxa3 31. bxa3 Qg7 32. a4 Ra8 33. Bb5 Rf7 34. Rbc1 Rfa7 35. Rc6 Qh6 36. Rcxf6 1-0

[Event "Early-Titled-Tuesday-Blitz-February-13-2024"]
[Site "Chess.com"]
[Date "2024.02.13"]
[Round "8"]
[White "Oleksandr_Bortnyk"]
[Black "AlexeiShirov"]
[Result "0-1"]
[WhiteElo "3057"]
[BlackElo "2861"]
[TimeControl "180+1"]
[EndTime "9:32:01 PST"]
[Termination "AlexeiShirov won on time"]

1. d4 d5 2. Nc3 Nf6 3. Bf4 c5 4. e4 dxe4 5. dxc5 Nbd7 6. b4 e5 7. Be3 b6 8. c6 Bxb4 9. cxd7+ Bxd7 10. Bd2 Rc8 11. Nxe4 Nxe4 12. Bxb4 Qh4 13. Qe2 Nxf2 14.
Qxf2 Qxb4+ 15. Qd2 Qe4+ 16. Qe2 Qb4+ 17. Qd2 Qe4+ 18.
Be2 Rxc2 19. Qd3 Qb4+ 20. Kf1 Qc5 21. Rd1 Qc7 22. Nf3 f6 23. Qd5 Ke7 24. h4 Be6 25.
Qe4 Rxa2 26. Kf2 Qc5+ 27. Kg3 f5 28. Qb7+ Kf6 29. Rhe1 Ra4 30. Kh2 Rg4 31. Qxa7 Qf2 0-1

[Event "Early-Titled-Tuesday-Blitz-February-13-2024"]
[Site "Chess.com"]
[Date "2024.02.13"]
[Round "8"]
[White "djano"]
[Black "secretsuperstar7"]
[Result "0-1"]
[WhiteElo "2649"]
[BlackElo "2533"]
[TimeControl "180+1"]
[EndTime "9:32:01 PST"]
[Termination "secretsuperstar7 won by resignation"]

1. e4 c5 2. Nc3 Nc6 3. Bb5 Nd4 4. Nf3 a6 5. Bd3 Nc6 6. O-O d6 7. Be2 Nf6 8. d4 cxd4 9. Nxd4 g6 10. Nxc6 bxc6 11. Kh1 Bg7 12. f4 O-O 13. Qe1 Qc7 14. Qg3 Rb8 15. Bd3 Nd7 16. f5 Nc5 17. h4 Be5 18. Qg5 f6 19. Qh6 gxf5 20. Bc4+ e6 21.
exf5 d5 22. Be2 exf5 23. Bf3 Be6 24. Ne2 Ne4 25. Bxe4 fxe4 26. Nf4 Bf7 27. c3 Kh8 28. Be3 c5 29. Nh5 Bxh5 30. Qxh5 d4 31. cxd4 cxd4 32.
Bh6 Rg8 33. Rac1 Qd7 34. b3 Qg4 35. Qxg4 Rxg4 36. Bd2 Rxh4+ 37. Kg1 e3 38. Ba5 Rg4 39. Rf3 Rbg8 40. Rc2 d3 41. Rxe3 dxc2 0-1

[Event "Early-Titled-Tuesday-Blitz-February-13-2024"]
[Site "Chess.com"]
[Date "2024.02.13"]
[Round "8"]
[White "Nouali_Mohamed"]
[Black "PavelShkapenko"]
[Result "1-0"]
[WhiteElo "2581"]
[BlackElo "2748"]
[TimeControl "180+1"]
[EndTime "9:32:02 PST"]
[Termination "Nouali_Mohamed won by resignation"]

1. e4 e5 2. Bc4 d6 3. Nc3 Nc6 4.
d3 Na5 5. Qf3 Nxc4 6. dxc4 Nf6 7.
h3 Be7 8. Nge2 O-O 9. Ng3 Be6 10.
b3 c6 11. Bb2 d5 12. cxd5 cxd5 13. exd5 Nxd5 14. O-O-O Bg5+ 15. Kb1 Nxc3+ 16. Qxc3 Qb6 17. Ne4 Bf4 18. g3 Rac8 19. Qf3 Bh6 20. Bxe5 Qc6 21. Nf6+ Kh8 22. Qxc6 Rxc6 23. Ng4 Bf5 24. Rd6 Bxc2+ 25. Kb2 Be4 26. Rhd1 Rc2+ 27. Ka1 f6 28. Rd8 Rg8 29. Nxh6 Rc1+ 30. Rxc1 Rxd8 31. Nf7+ 1-0

[Event "Early-Titled-Tuesday-Blitz-February-13-2024"]
[Site "Chess.com"]
[Date "2024.02.13"]
[Round "8"]
[White "platy3"]
[Black "Onischuk_V"]
[Result "1-0"]
[WhiteElo "2938"]
[BlackElo "2792"]
[TimeControl "180+1"]
[EndTime "9:32:03 PST"]
[Termination "platy3 won on time"]

1. e4 d6 2. d4 Nf6 3. Nc3 g6 4. Bg5 Bg7 5. Qd2 h6 6. Bf4 Nc6 7. O-O-O g5 8. Be3 Ng4 9. h4 Nxe3 10. Qxe3 gxh4 11. f4 Bd7 12. Nf3 e6 13. e5 Qe7 14.
Rxh4 a6 15. Bd3 Nb4 16. Be4 d5 17. f5 dxe4 18. f6 Bxf6 19. exf6 Qxf6 20. Nxe4 Qe7 21. Qb3 Bc6 22. a3 Nd5 23. Rdh1 Nb6 24. Ne5 Bxe4 25.
Rxe4 O-O-O 26. Qf3 f5 27. Reh4 Rdg8 28. Kb1 Qg7 29. g4 fxg4 30. Rxg4 Qh7 31. Qf6 Rxg4 32.
Nxg4 h5 33. Qxe6+ Kb8 34. Nf6 Qg7 35. Qe5 1-0

[Event "Early-Titled-Tuesday-Blitz-February-13-2024"]
[Site "Chess.com"]
[Date "2024.02.13"]
[Round "8"]
[White "Binary010"]
[Black "jocmil"]
[Result "1-0"]
[WhiteElo "2905"]
[BlackElo "2748"]
[TimeControl "180+1"]
[EndTime "9:32:03 PST"]
[Termination "Binary010 won by resignation"]

1. e4 c6 2. d4 d5 3. e5 Bf5 4. Nf3 e6 5. Be2 Bb4+ 6. c3 Ba5 7. O-O Ne7 8. a4 Bc7 9. Na3 O-O 10. Nc2 Nd7 11.
Ne3 f6 12. exf6 Nxf6 13. Nxf5 Nxf5 14. Bd3 Ne4 15. Qe2 Nh4 16. Bxe4 dxe4 17. Nxh4 Qxh4 18. g3 Qh3 19. Qxe4 Rf7 20. Bd2 Raf8 21. Rae1 Rf6 22. Qg2 Qh5 23. f4 Qa5 24. b3 Qb6 25. b4 Qa6 26. a5 Qc4 27. Qe2 Qxe2 28. Rxe2 g5 29. Ref2 gxf4 30. Bxf4 Bxf4 31. Rxf4 Rxf4 32. Rxf4 Rxf4 33.
gxf4 Kf7 34. Kf2 Kf6 35. Kf3 Kf5 36. h3 b5 37. axb6 axb6 38. c4 b5 39. cxb5 cxb5 40.
Ke3 Kg6 41. Ke4 Kh5 42. Ke5 Kh4 43. Kxe6 1-0

[Event "Early-Titled-Tuesday-Blitz-February-13-2024"]
[Site "Chess.com"]
[Date "2024.02.13"]
[Round "8"]
[White "sharkarton"]
[Black "Chessdude1987"]
[Result "1/2-1/2"]
[WhiteElo "2527"]
[BlackElo "2381"]
[TimeControl "180+1"]
[EndTime "9:32:03 PST"]
[Termination "Game drawn by repetition"]

1. e4 e6 2. Qe2 c5 3. Nf3 Nc6 4. g3 g6 5. Bg2 Bg7 6. O-O Nge7 7. Rd1 d5 8. c3 d4 9. cxd4 cxd4 10. d3 e5 11. Na3 h6 12. Nh4 O-O 13. f4 exf4 14.
gxf4 f5 15. e5 Be6 16. Nb5 Bd5 17. Nd6 Bxg2 18. Qxg2 Kh7 19. Kf2 Rb8 20. Rg1 g5 21. fxg5 Nxe5 22. gxh6 Ng4+ 23. Kf1 Be5 24. Nc4 Nd5 25. Nf3 b5 26. Ncxe5 Nde3+ 27. Bxe3 Nxe3+ 28. Kf2 Nxg2 29. Rxg2 Rb7 30. Rag1 Qd5 31. Rg7+ Rxg7 32. Rxg7+ Kxh6 33. Rg6+ Kh5 34. Rg5+ Kh6 35. Rg6+ Kh5 36. Rg5+ Kh6 37. Rg6+ 1/2-1/2

[Event "Early-Titled-Tuesday-Blitz-February-13-2024"]
[Site "Chess.com"]
[Date "2024.02.13"]
[Round "8"]
[White "wonderfultime"]
[Black "Njal28"]
[Result "1-0"]
[WhiteElo "3077"]
[BlackElo "2988"]
[TimeControl "180+1"]
[EndTime "9:32:04 PST"]
[Termination "wonderfultime won on time"]

1. d4 Nf6 2. Nf3 d5 3. Bf4 c5 4. c3 e6 5. e3 Bd6 6. Nbd2 O-O 7.
Bd3 Qc7 8. Bxd6 Qxd6 9. Ne5 Nc6 10. f4 Ne7 11. O-O b5 12. Rf3 b4 13. Rh3 h6 14. g4 bxc3 15. g5 Ne4 16. Bxe4 cxd2 17. Bd3 cxd4 18. gxh6 g6 19. h7+ Kh8 20. Qa4 Bb7 21.
Qxd4 f6 22. Nf3 Nc6 23. Qc3 e5 24. Nh4 Ne7 25. Qxd2 d4 26. Bxg6 Rad8 27. e4 Qd7 28. Bf5 Qd6 29. Rf1 Rf7 30. Rg3 Qc6 31. fxe5 fxe5 32.
Qg5 1-0

[Event "Early-Titled-Tuesday-Blitz-February-13-2024"]
[Site "Chess.com"]
[Date "2024.02.13"]
[Round "8"]
[White "jefferyx"]
[Black "Radzio1987"]
[Result "1-0"]
[WhiteElo "3025"]
[BlackElo "2913"]
[TimeControl "180+1"]
[EndTime "9:32:04 PST"]
[Termination "jefferyx won by resignation"]

1. d4 Nf6 2. c4 e6 3. Nc3 Bb4 4. Nf3 b6 5. e3 Bb7 6. Bd3 c5 7. O-O cxd4 8. exd4 O-O 9. Na4 Be7 10. a3 d6 11. Bf4 Nbd7 12. Re1 Re8 13. Nc3 Bf8 14. h3 a6 15. b4 h6 16. Bh2 Rc8 17. Nd2 e5 18. dxe5 Nxe5 19. Bf1 Qc7 20. Rc1 Qb8 21. Nde4 Nxe4 22. Nxe4 Rcd8 23. Nc3 Bc6 24. Qd4 b5 25. cxb5 axb5 26. Bg3 Qb7 27. a4 bxa4 28. b5 Bd7 29. Qxa4 Rc8 30. Qa6 Qc7 31. b6 Qb8 32. Nd5 Bxh3 33. Bxe5 Rxc1 34. Rxc1 Rxe5 35. gxh3 Rxd5 36. Rc8 Rg5+ 37. Bg2 Ra5 38. Rxf8+ 1-0

[Event "Early-Titled-Tuesday-Blitz-February-13-2024"]
[Site "Chess.com"]
[Date "2024.02.13"]
[Round "8"]
[White "KbzasDavid16"]
[Black "GMRAVEN_ON_YOUTUBE"]
[Result "1-0"]
[WhiteElo "2569"]
[BlackElo "2783"]
[TimeControl "180+1"]
[EndTime "9:32:05 PST"]
[Termination "KbzasDavid16 won by checkmate"]

1. d4 f5 2. g3 Nf6 3. Bg2 g6 4. c3 Bg7 5. Qb3 c6 6. Nd2 d5 7. Ngf3 Nbd7 8. O-O O-O 9. Ne1 Kh8 10. Nd3 Ne4 11. Nf3 c5 12. Qxd5 cxd4 13. Nxd4 Ndf6 14. Qxd8 Rxd8 15. Ne5 Kg8 16. Be3 Nd5 17. Nc4 Nxe3 18. Nxe3 Bxd4 19. cxd4 Rxd4 20. Rac1 Bd7 21. Rc7 Bc6 22. Rxe7 Rad8 23. Bxe4 Bxe4 24. f3 Bc6 25. Kf2 Rd2 26. Rb1 Bb5 27. Nf1 Rc2 28. a4 Bc6 29. b4 a6 30. b5 axb5 31. axb5 Bd7 32. Rd1 Rb2 33. Rdxd7 Rxd7 34. Rxd7 Rxb5 35. Ne3 b6 36. Nd5 Rb3 37. Nf6+ Kf8 38. Nxh7+ Ke8 39. Nf6+ Kf8 40. h4 b5 41. Rb7 Rb2 42. Ke3 b4 43. Kf4 Rxe2 44. Kg5 Re3 45. Kxg6 Re7 46.
Rb8+ Re8 47. Rxe8# 1-0

[Event "Early-Titled-Tuesday-Blitz-February-13-2024"]
[Site "Chess.com"]
[Date "2024.02.13"]
[Round "8"]
[White "nfds"]
[Black "Austen48"]
[Result "1-0"]
[WhiteElo "2479"]
[BlackElo "2235"]
[TimeControl "180+1"]
[EndTime "9:32:05 PST"]
[Termination "nfds won by resignation"]

1. d4 Nf6 2. Nf3 e6 3. Nc3 d5 4. e3 c5 5. Bd3 Nc6 6. O-O Be7 7. b3 O-O 8. dxc5 Bxc5 9. Bb2 Qe7 10. Qe2 e5 11. e4 d4 12. Nd5 Qd6 13. c3 Bg4 14.
Rad1 Nxd5 15. exd5 Qxd5 16. Bxh7+ Kh8 17. Be4 Qe6 18.
h3 Bxf3 19. Qxf3 f5 20. Bd5 Qg6 21. cxd4 Nxd4 22. Qe3 Rae8 23. Bxb7 f4 24. Qe4 Qg5 25. Kh2 f3 26. g3 Ne2 27. Bc1 Nxc1 28. Rxc1 Bxf2 29. Qg4 Qxg4 30. hxg4 Be3 31. Rc3 Bd4 32.
Rcxf3 Rxf3 33. Rxf3 a5 34. Rf5 Rb8 35. Rh5+ Kg8 36.
Bd5+ Kf8 37. Rh8+ Ke7 38. Rxb8 Kd6 39. Be4 1-0

[Event "Early-Titled-Tuesday-Blitz-February-13-2024"]
[Site "Chess.com"]
[Date "2024.02.13"]
[Round "8"]
[White "kushagramohan"]
[Black "profedechess93"]
[Result "0-1"]
[WhiteElo "2835"]
[BlackElo "2654"]
[TimeControl "180+1"]
[EndTime "9:32:06 PST"]
[Termination "profedechess93 won by checkmate"]

1. e4 e6 2. d4 d5 3. Nd2 Be7 4. c3 dxe4 5. Nxe4 Nf6 6. Nxf6+ Bxf6 7. Nf3 c5 8. Bb5+ Bd7 9. Bd3 Bc6 10. O-O cxd4 11.
Nxd4 O-O 12. Nxc6 Nxc6 13. Be3 Qc7 14. Be4 Ne5 15. h3 Nc4 16. Bc1 Rfd8 17. Qc2 g6 18.
Bf3 Rac8 19. Be2 b5 20. Rb1 a6 21. a4 Bg7 22. axb5 axb5 23. Bg5 Rd5 24. Bc1 Qc5 25. Ra1 Rcd8 26. Bf3 Rf5 27. Be4 Rh5 28. Bf4 Rh4 29.
Bg3 Rd2 30. Ra8+ Bf8 31. Bxh4 Rxc2 32. Bxc2 Kg7 33. Rd1 Bd6 34. b3 Nb6 35. Ra6 Bc7 36. Rd3 Nd5 37. Ra8 Nf4 38. Rf3 g5 39. Bg3 Ne2+ 40. Kh2 Bxg3+ 41. fxg3 Qg1# 0-1

[Event "Early-Titled-Tuesday-Blitz-February-13-2024"]
[Site "Chess.com"]
[Date "2024.02.13"]
[Round "8"]
[White "KuzubovYuriy"]
[Black "Polish_fighter3000"]
[Result "1/2-1/2"]
[WhiteElo "2961"]
[BlackElo "3078"]
[TimeControl "180+1"]
[EndTime "9:32:07 PST"]
[Termination "Game drawn by repetition"]

1. d4 Nf6 2. Nf3 g6 3. Nbd2 Bg7 4. e4 d6 5. Be2 O-O 6. O-O Nc6 7. Re1 e5 8. dxe5 Nxe5 9. Nxe5 dxe5 10. c3 Qe7 11.
Qc2 b6 12. Nc4 Bb7 13. Bf1 Rfd8 14. Bg5 h6 15. Bh4 Qe6 16. f3 Ba6 17. Ne3 Bxf1 18.
Rxf1 Rd7 19. Rfd1 Rad8 20. a4 Bf8 21. b4 c6 22. Rxd7 Rxd7 23. Rd1 a5 24. bxa5 Bc5 25. Bf2 bxa5 26. g3 Nh7 27. Ng4 Bxf2+ 28. Nxf2 Ng5 29. Kg2 Rxd1 30. Qxd1 Qc4 31. Ng4 Qxc3 32. Qd8+ Kg7 33.
Qf6+ Kf8 34. Nxe5 Qb2+ 35. Kf1 Qc1+ 36. Ke2 Qc2+ 37. Ke1 Qc3+ 38. Ke2 Qc2+ 39. Ke1 Qc3+ 40. Ke2 Qc2+ 1/2-1/2

[Event "Early-Titled-Tuesday-Blitz-February-13-2024"]
[Site "Chess.com"]
[Date "2024.02.13"]
[Round "8"]
[White "xakevicius91"]
[Black "HamedWafa4"]
[Result "0-1"]
[WhiteElo "2536"]
[BlackElo "2741"]
[TimeControl "180+1"]
[EndTime "9:32:07 PST"]
[Termination "HamedWafa4 won by checkmate"]

1. e4 e5 2. Nf3 Nc6 3. d4 exd4 4.
Nxd4 Bc5 5. Nb3 Bb6 6. Qe2 Nge7 7. Nc3 O-O 8. Bg5 f6 9. Bf4 Ng6 10. Bg3 d6 11. O-O-O Be6 12. f4 f5 13. exf5 Bxf5 14.
Qc4+ Kh8 15. Bd3 Bxd3 16. Rxd3 Qf6 17. Nd5 Qf7 18. Nxb6 axb6 19. Qxf7 Rxf7 20. a3 Nxf4 21. Bxf4 Rxf4 22. Re1 Ne5 23. Rc3 c6 24. Rg3 Raf8 25. Nd2 h6 26. Ne4 d5 27. Nd6 Rf1 28. Re3 Ng4 29.
Re8 Rxe8 30. Rxf1 Re7 31. h3 Ne3 32. Rf2 b5 33. b3 Kg8 34. Kd2 d4 35. g4 Nd5 36.
Nf5 Re4 37. Kd3 Rf4 38. Re2 c5 39. Re8+ Kf7 40. Rd8 Nc3 41. Rd7+ Ke6 42. Rxb7 Rf3+ 43. Kd2 g6 44. Nxh6 Rxh3 45. g5 Rh2+ 46. Kc1 Rh1+ 47. Kd2 Rd1# 0-1

[Event "Early-Titled-Tuesday-Blitz-February-13-2024"]
[Site "Chess.com"]
[Date "2024.02.13"]
[Round "8"]
[White "lilleper1"]
[Black "eagleclaw07"]
[Result "0-1"]
[WhiteElo "2953"]
[BlackElo "2816"]
[TimeControl "180+1"]
[EndTime "9:32:08 PST"]
[Termination "eagleclaw07 won by resignation"]

1. Nf3 Nf6 2. c4 b6 3. g3 Bb7 4. Bg2 e6 5. O-O Be7 6. Nc3 O-O 7. d3 d5 8. cxd5 exd5 9. d4 Nbd7 10. Bf4 Ne4 11. Rc1 c5 12. h4 Nxc3 13. bxc3 c4 14. Qc2 b5 15. Rb1 Bc6 16. Rfd1 Re8 17. Ne5 Nxe5 18.
dxe5 Bc5 19. e4 Qc8 20. exd5 Bd7 21. Be4 h6 22. Re1 a5 23. e6 fxe6 24. dxe6 Rxe6 25. Bxa8 Qxa8 26. Rxe6 Bxe6 27. Re1 Bf7 28. Qf5 Qc6 29. Be5 b4 30. cxb4 axb4 31. Rd1 Bg6 32. Qg4 h5 33. Qxc4+ Kh7 34. Rc1 Qf3 35. Qf1 Be4 36. Kh2 Bxf2 37.
Qh3 Qe2 0-1

[Event "Early-Titled-Tuesday-Blitz-February-13-2024"]
[Site "Chess.com"]
[Date "2024.02.13"]
[Round "8"]
[White "Roman_Ovetchkin"]
[Black "EsmeraldasAnderson03"]
[Result "0-1"]
[WhiteElo "2602"]
[BlackElo "2413"]
[TimeControl "180+1"]
[EndTime "9:32:08 PST"]
[Termination "EsmeraldasAnderson03 won on time"]

1. d4 d5 2. c4 dxc4 3. e3 Nf6 4. Bxc4 e6 5. Nf3 a6 6. O-O c5 7. dxc5 Qxd1 8. Rxd1 Bxc5 9. Be2 Nc6 10. Nbd2 O-O 11. a3 Be7 12. Nc4 b5 13. Nb6 Rb8 14. Nxc8 Rbxc8 15. Bd2 Ne4 16. Be1 Bf6 17. Rab1 Nc5 18. b3 Ne4 19. Rdc1 h6 20. a4 Na7 21. Bb4 Nc3 22. Bxc3 Bxc3 23. axb5 Nxb5 24. Bxb5 axb5 25. Kf1 b4 26.
Ke2 Ra8 27. Rc2 Rfd8 28. Ne1 e5 29. e4 Rd4 30. f3 Rad8 31. Kf1 Rd1 32. Rcc1 R1d2 33.
Nc2 R8d3 34. Ne1 Re3 35. Rd1 Ra2 36. Rd8+ Kh7 37. Nd3 Ree2 38. Rd1 Rxg2 0-1

[Event "Early-Titled-Tuesday-Blitz-February-13-2024"]
[Site "Chess.com"]
[Date "2024.02.13"]
[Round "8"]
[White "Bilan_Danila"]
[Black "BallottiLuca"]
[Result "1-0"]
[WhiteElo "2553"]
[BlackElo "2375"]
[TimeControl "180+1"]
[EndTime "9:32:09 PST"]
[Termination "Bilan_Danila won on time"]

1. d4 Nf6 2. Nf3 g6 3. Bg5 Bg7 4. c3 O-O 5. Nbd2 d6 6. e4 c5 7. dxc5 dxc5 8. Bc4 Nc6 9. O-O Qc7 10. Qc2 b6 11.
Rfe1 Nh5 12. Nf1 Bb7 13. Rad1 Rad8 14. Ne3 Ne5 15. Be2 Nxf3+ 16. Bxf3 Be5 17. Bxh5 gxh5 18.
Nf5 Rxd1 19. Qxd1 f6 20. Bh6 e6 21. Ng3 Bxg3 22. hxg3 Rd8 23. Qxh5 Qf7 24. Qg4+ Kh8 25. e5 f5 26. Qh4 Rg8 27. Bg5 Rg6 28. Bf6+ Kg8 29. Rd1 Rxf6 30. exf6 h5 31. Qg5+ Kh7 32.
Rd8 Bd5 33. Re8 1-0

[Event "Early-Titled-Tuesday-Blitz-February-13-2024"]
[Site "Chess.com"]
[Date "2024.02.13"]
[Round "8"]
[White "Chesstiger64"]
[Black "KetiTsatsalashvili"]
[Result "1-0"]
[WhiteElo "2327"]
[BlackElo "2452"]
[TimeControl "180+1"]
[EndTime "9:32:09 PST"]
[Termination "Chesstiger64 won on time"]

1. d4 Nf6 2. Nf3 d5 3. e3 Bf5 4. c4 c6 5. Nc3 e6 6. Be2 Bd6 7.
Nh4 Be4 8. Nxe4 dxe4 9. g3 Nbd7 10. Bd2 c5 11. Bc3 cxd4 12. exd4 O-O 13. O-O Rc8 14. Qd2 Qe7 15. f3 Rfd8 16. Qe3 exf3 17. Bxf3 Rxc4 18. Bxb7 Nb6 19. Bg2 Nbd5 20. Qd3 Rdc8 21. Rac1 Nxc3 22. Rxc3 Rxc3 23. bxc3 Qc7 24. Rc1 Ba3 25. Rc2 Qb6 26. Re2 h6 27. Nf3 Nd5 28. c4 Qa6 29. Ne5 Nb4 30.
Qf3 f6 31. Ng6 Re8 32. d5 e5 33. Bh3 Qxc4 34. Be6+ Kh7 35. Qf5 Qd3 36. Re4 Rxe6 37.
Nxe5+ Kg8 38. Qxe6+ Kh7 39. Nxd3 Nxd3 40. Qf5+ 1-0

[Event "Early-Titled-Tuesday-Blitz-February-13-2024"]
[Site "Chess.com"]
[Date "2024.02.13"]
[Round "8"]
[White "Grossboss19"]
[Black "Som2310"]
[Result "0-1"]
[WhiteElo "2616"]
[BlackElo "2807"]
[TimeControl "180+1"]
[EndTime "9:32:10 PST"]
[Termination "Som2310 won by resignation"]

1. d4 Nf6 2. Nc3 d5 3. Bf4 c5 4. e4 Nxe4 5. Nxe4 dxe4 6. dxc5 Qa5+ 7. c3 Qxc5 8. Qa4+ Nc6 9. Qxe4 Bf5 10. Qe3 e5 11.
Nf3 O-O-O 12. Qxc5 Bxc5 13. Be3 Bxe3 14. fxe3 f6 15.
Rd1 Ne7 16. Bc4 Be4 17. Kf2 Kc7 18. Bb3 g5 19. Rxd8 Rxd8 20. Rd1 Rxd1 21. Bxd1 Kd6 22. h4 h6 23. hxg5 hxg5 24. Nd2 Bd5 25. a3 f5 26.
e4 fxe4 27. Bg4 e3+ 28. Kxe3 Bxg2 29. Nc4+ Kd5 30. Nd2 b6 31. a4 Nc6 32. b4 a5 33.
Bh5 axb4 34. Bf7+ Kc5 35. cxb4+ Kxb4 36. Nc4 Kc5 37. Nb2 Bf1 38. Nd1 Bg2 39. Nc3 Nb4 40.
Nb1 Nc2+ 41. Kd2 Nd4 42. Ke3 Kb4 43. Be8 Bc6 44. Bxc6 Nxc6 45. Ke4 Kxa4 46. Kf5 Kb3 47. Nd2+ Kc3 48. Ne4+ Kc2 49. Kxg5 b5 50. Nc5 b4 51. Kf5 b3 52. Na4 b2 53. Nxb2 Kxb2 54. Ke4 Kc3 55. Kd5 Kd3 0-1

[Event "Early-Titled-Tuesday-Blitz-February-13-2024"]
[Site "Chess.com"]
[Date "2024.02.13"]
[Round "8"]
[White "carloseduar100"]
[Black "SouS007"]
[Result "0-1"]
[WhiteElo "2345"]
[BlackElo "2499"]
[TimeControl "180+1"]
[EndTime "9:32:11 PST"]
[Termination "SouS007 won by resignation"]

1. g3 h5 2. Bg2 h4 3. d4 d5 4. c3 Nc6 5. Bf4 h3 6. Bf3 f6 7. e4 Be6 8. Nd2 g5 9. Be3 Qd7 10. exd5 Bxd5 11. Bxd5 Qxd5 12. Qf3 Qb5 13. Ne2 Nh6 14.
c4 Qxb2 15. Rb1 Qxa2 16. Rxb7 Qa6 17. Rb1 g4 18. Qe4 f5 19. Qe6 Rb8 20. O-O Nb4 21.
Rxb4 Qxe6 22. Rxb8+ Kf7 23. Nf4 Qd7 24. d5 Bg7 25.
Rfb1 Rxb8 26. Rxb8 a5 27. c5 Qa4 28. Rb1 Bd4 29.
Nf1 Ng8 30. d6 exd6 31. cxd6 cxd6 32. Rb7+ Ne7 33. Nd5 Bf6 34. Bf4 Qc6 35. Nfe3 Qxb7 0-1

[Event "Early-Titled-Tuesday-Blitz-February-13-2024"]
[Site "Chess.com"]
[Date "2024.02.13"]
[Round "8"]
[White "Brahianzevich"]
[Black "krasavetc"]
[Result "0-1"]
[WhiteElo "2453"]
[BlackElo "2628"]
[TimeControl "180+1"]
[EndTime "9:32:12 PST"]
[Termination "krasavetc won on time"]

1. e4 c5 2. Nf3 Nc6 3. d4 cxd4 4. Nxd4 Nf6 5. Nc3 e5 6. Ndb5 d6 7. Bg5 a6 8. Na3 b5 9. Nd5 Be7 10. Bxf6 Bxf6 11. c4 b4 12. Nc2 a5 13. Qf3 Be6 14. Rd1 Bg5 15. h4 Bh6 16. g4 Bf4 17. Nxf4 exf4 18. Qxf4 O-O 19. Be2 a4 20. Ne3 b3 21. a3 Qa5+ 22. Kf1 Qe5 23. Qxe5 dxe5 24. Nd5 Nd4 25. Rxd4 exd4 26. Kg2 f5 27. Nc7 Bd7 28.
Nxa8 Bc6 29. Nb6 fxe4 30. Rd1 d3 31. Bf1 e3+ 32. Nd5 Rxf2+ 33. Kg3 Bxd5 34. Bxd3 Be6 0-1

[Event "Early-Titled-Tuesday-Blitz-February-13-2024"]
[Site "Chess.com"]
[Date "2024.02.13"]
[Round "8"]
[White "levallem"]
[Black "db-banana"]
[Result "0-1"]
[WhiteElo "2337"]
[BlackElo "2489"]
[TimeControl "180+1"]
[EndTime "9:32:12 PST"]
[Termination "db-banana won by checkmate"]

1. d4 Nf6 2. Nf3 e6 3. e3 b6 4. Bd3 Bb7 5. Nbd2 d5 6. b3 Bd6 7. Bb2 O-O 8. O-O Nbd7 9. Ne5 c5 10. f4 Ne8 11. Qh5 f5 12. Rf3 Nef6 13. Qh4 Ne4 14.
Qxd8 Raxd8 15. Rd1 a6 16. Bf1 b5 17. Nxe4 dxe4 18.
Rf2 Bxe5 19. dxe5 Nb6 20. Rfd2 Rxd2 21. Rxd2 Nd5 22. Kf2 c4 23. bxc4 bxc4 24. Bxc4 Rc8 25. Bb3 Rc7 26. Bd4 Bc6 27. c4 Nb4 28. Ke2 Nd3 29.
Bb6 Rb7 30. c5 Nc1+ 31. Kd1 Nxb3 32. axb3 Bd5 33. Kc2 Kf7 34. Kc3 a5 35. Ra2 g5 36.
g3 Kg6 37. Rxa5 gxf4 38. gxf4 Kh5 39. b4 Kg4 40. b5 Kf3 41. Kd4 Rg7 42. Ra7 Rg1 43.
c6 Rc1 44. Rxh7 Rc4# 0-1

[Event "Early-Titled-Tuesday-Blitz-February-13-2024"]
[Site "Chess.com"]
[Date "2024.02.13"]
[Round "8"]
[White "Sanan_Sjugirov"]
[Black "kleinebeer98"]
[Result "0-1"]
[WhiteElo "2996"]
[BlackElo "2874"]
[TimeControl "180+1"]
[EndTime "9:32:13 PST"]
[Termination "kleinebeer98 won by checkmate"]

1. e4 e5 2. Nf3 Nc6 3. Bb5 f5 4. d3 fxe4 5. dxe4 Nf6 6. O-O d6 7. Qd3 a6 8. Bc4 Na5 9. Nc3 b5 10. Bb3 Nxb3 11. axb3 c6 12. Nh4 Be7 13. f4 exf4 14.
Bxf4 Nh5 15. Qf3 Nxf4 16. Qxf4 Bf6 17. Rad1 O-O 18. Nf5 Bxf5 19. exf5 d5 20. Kh1 Qb6 21. Rfe1 Rae8 22. h3 h6 23. b4 Bg5 24. Qf3 Rxe1+ 25.
Rxe1 Qd4 26. Re6 Qxb4 27. Rxc6 Qxb2 28. Qxd5+ Kh8 29. Ne4 Bf4 30. g3 Be3 31. Kg2 Qc1 32. f6 Qg1+ 33. Kf3 Bg5 34. Qd6 Qe3+ 35. Kg4 Qxe4+ 36. Kh5 g6# 0-1

[Event "Early-Titled-Tuesday-Blitz-February-13-2024"]
[Site "Chess.com"]
[Date "2024.02.13"]
[Round "8"]
[White "ATM622"]
[Black "GianmarcoVaR"]
[Result "0-1"]
[WhiteElo "2481"]
[BlackElo "2723"]
[TimeControl "180+1"]
[EndTime "9:32:13 PST"]
[Termination "GianmarcoVaR won by resignation"]

1. d4 Nf6 2. c4 e6 3. g3 d5 4. Bg2 dxc4 5. Nf3 a6 6. Ne5 c5 7. e3 Ra7 8. Nxc4 b5 9. Ne5 Bb7 10. Bxb7 Rxb7 11. Qf3 Rc7 12. O-O cxd4 13. Rd1 Qd5 14.
exd4 Bd6 15. Nc3 Qxf3 16. Nxf3 O-O 17. Bg5 Nbd7 18. Rac1 Rfc8 19. Ne2 Ne4 20. Be3 Rc2 21.
Kg2 Nb6 22. Kf1 Kf8 23. Rxc2 Rxc2 24. Bc1 Nd5 25. Ne1 Rc8 26. Nd3 Ke7 27. f3 Nef6 28. g4 h5 29. g5 Nd7 30. h4 Nf8 31. Bd2 Ng6 32. Kf2 Rc2 33. a3 Nxh4 34. Nb4 Bxb4 35. Bxb4+ Nxb4 36. axb4 Nf5 37. d5 h4 38. dxe6 Ng3 39.
Rd7+ Kxe6 0-1

[Event "Early-Titled-Tuesday-Blitz-February-13-2024"]
[Site "Chess.com"]
[Date "2024.02.13"]
[Round "8"]
[White "Kotofeyca"]
[Black "BelaKis"]
[Result "1-0"]
[WhiteElo "2406"]
[BlackElo "2201"]
[TimeControl "180+1"]
[EndTime "9:32:14 PST"]
[Termination "Kotofeyca won on time"]

1. d4 Nf6 2. c4 g6 3. f3 Bg7 4. e4 d6 5. Nc3 O-O 6. Be3 a6 7. a3 Nbd7 8. b4 c5 9. Nge2 b5 10. cxb5 axb5 11. dxc5 dxc5 12. bxc5 b4 13. axb4 Rxa1 14.
Qxa1 Ne5 15. Nd4 Nfg4 16. fxg4 Nxg4 17. Nc2 Nxe3 18. Nxe3 Qd4 19. Ned1 Rd8 20. Qc1 Qxb4 21. Be2 Qxc5 22. Rf1 Be6 23. Rf3 Rc8 24. Qe3 Qa5 25.
Qd2 Rd8 26. Rd3 Rxd3 27. Bxd3 h6 28. Kf1 Qc7 29. Kg1 Be5 30. h3 Kg7 31. Be2 Qc5+ 32. Kh1 Bc7 33. Bf3 Qe5 34. Kg1 Bb6+ 35. Kf1 Qc5 36. Nd5 Qg1+ 37. Ke2 Bd4 38. N5e3 f5 39. Qxd4+ 1-0

[Event "Early-Titled-Tuesday-Blitz-February-13-2024"]
[Site "Chess.com"]
[Date "2024.02.13"]
[Round "8"]
[White "Igor_Lysyj"]
[Black "Gerodot71"]
[Result "1-0"]
[WhiteElo "2864"]
[BlackElo "2639"]
[TimeControl "180+1"]
[EndTime "9:32:15 PST"]
[Termination "Igor_Lysyj won by resignation"]

1. d4 Nf6 2. c4 e6 3. Nf3 d5 4.
g3 Be7 5. Bg2 O-O 6. O-O c6 7. Qc2 b6 8. Rd1 Bb7 9. Nc3 Nbd7 10. b3 Ba6 11. Bf4 Rc8 12. e4 dxc4 13. Nd2 b5 14. bxc4 bxc4 15. Bf1 Nb6 16. Nf3 Bb4 17. Na4 Bb5 18. Nc5 Bxc5 19. dxc5 Nbd7 20. Bd6 Re8 21. Nd4 Qa5 22. e5 Nd5 23. a4 Ba6 24. Bxc4 Bxc4 25. Qxc4 Nf8 26. h4 h6 27. Rd3 Ng6 28. Rb1 Red8 29. h5 Rxd6 30. exd6 Ne5 31. d7 Rd8 32. Qc2 Nxd3 33. Nxc6 N3b4 34.
Nxa5 Nxc2 35. c6 Nd4 36. Nb7 Nxc6 37. Nxd8 Nxd8 38. Rb8 Kf8 39. Rxd8+ Ke7 40. Ra8 1-0